 Dungeon Crawl Stone Soup version 0.23.2 (webtiles) character file.

Game seed: 1225610838175755001

37 Borgoz the Sneak (level 3, 0/27 HPs)
             Began as a Ghoul Enchanter on Apr 4, 2019.
             Slain by a worm (2 damage)
             ... on level 2 of the Dungeon.
             The game lasted 00:01:38 (1034 turns).

Borgoz the Sneak (Ghoul Enchanter)                  Turns: 1034, Time: 00:01:39

Health: 0/27       AC:  6    Str: 11    XL:     3   Next: 39%
Magic:  4/4        EV:  9    Int: 10    God:
Gold:   33         SH:  0    Dex: 10    Spells: 4/5 levels left

rFire    . . .     SeeInvis .   a - +1 dagger
rCold    + . .     Gourm    .   (no shield)
rNeg     + + +     Faith    .   e - +0 scale mail
rPois    ∞         Spirit   .   (no helmet)
rElec    .         Reflect  .   (no cloak)
rCorr    .         Harm     .   (no gloves)
MR       .....                  (no boots)
Stlth    +.........             (no amulet)
HPRegen  0.00/turn              (no ring)
MPRegen  0.09/turn              (no ring)

@: rotting
A: rotting body, claws 1, carnivore, cold resistance 1, negative energy
resistance 3, inhibited regeneration, torment resistance, unbreathing
a: no special abilities


You were on level 2 of the Dungeon.
You were not hungry.

You visited 1 branch of the dungeon, and saw 2 of its levels.

You collected 33 gold pieces.

Inventory:

Hand Weapons
 a - a +1 dagger (weapon)
Armour
 e - a +0 scale mail (worn)
 g - a +0 ring mail
Jewellery
 b - an uncursed ring of resist corrosion {unknown}
 l - an uncursed ring of stealth
Scrolls
 f - a scroll of noise {unknown}
 i - a scroll of identify {unknown}
 j - a scroll of magic mapping {unknown}
Comestibles
 c - 3 chunks of flesh
 d - 2 rations


   Skills:
 + Level 0.8 Fighting
 * Level 1.5 Short Blades
 * Level 1.1 Armour
 * Level 2.4 Dodging
 - Level 3.2 Stealth
 - Level 1.7 Spellcasting
 - Level 2.4 Hexes


You had 4 spell levels left.
You knew the following spells:

 Your Spells              Type           Power        Failure   Level  Hunger
a - Corona                Hex            #......      56%         1    ##.....

Your spell library contained the following spells:

 Spells                   Type           Power        Failure   Level  Hunger
 Ensorcelled Hibernation  Hex/Ice        #.....       87%         2    ###....
 Confuse                  Hex            #.......     91%         3    ####...
 Tukima's Dance           Hex            #.......     91%         3    ####...
 Dazzling Spray           Conj/Hex       #.....       98%         3    ####...


Dungeon Overview and Level Annotations

Branches:
Dungeon (2/15)

Altars:


Innate Abilities, Weirdness & Mutations

Your body is rotting away.
You thrive on raw meat.
You are immune to poison.
You have sharp fingernails.
You are carnivorous and can eat meat at any time.
Your flesh is cold resistant. (rC+)
You are immune to negative energy. (rN+++)
You do not regenerate when monsters are visible.
You are immune to unholy pain and torment.
You can survive without breathing.


Message History

It was a potion of might.
You feel very mighty all of a sudden.
It was a potion of cancellation.
Your magical effects are unravelling.
You feel magically purged.
You feel a little less mighty now. The worm bites you.
* * * LOW HITPOINT WARNING * * *
You hit the worm but do no damage.
The worm is moderately wounded.
You hit the worm.
The worm is heavily wounded.
The worm barely misses you.
You hit the worm.
The worm is heavily wounded.
You see here 9 gold pieces.
You now have 33 gold pieces (gained 9).
A giant cockroach comes into view.
The worm bites you.
You die...

..... ..... ## ##.#.#
#. #....##
####.#######......
........#......# .
##....s......."#.....
#.........@).....#..#
.#.....?..w..........#
....................#
....................#
....................###
.......................
....^...............#
........(#..........#
..##.......(..(.....#


You could see a worm and a giant cockroach.

Vanquished Creatures
  An adder (D:2)
  A worm (D:2)
  2 dart slugs
  4 giant cockroaches (D:1)
  A goblin (D:2)
  2 hobgoblins (D:2)
  3 kobolds
  A quokka (D:2)
  A ball python (D:1)
  A bat (D:2)
  2 rats
19 creatures vanquished.

Notes
Turn   | Place    | Note
-------+----------+-------------------------------------------
     0 | D:1      | Borgoz the Ghoul Enchanter began the quest for the Orb.
     0 | D:1      | Reached XP level 1. HP: 14/14 MP: 2/2
     8 | D:1      | Reached skill level 1 in Short Blades
    65 | D:1      | Reached XP level 2. HP: 21/22 MP: 3/3
   596 | D:2      | Reached XP level 3. HP: 25/27 MP: 4/4
   617 | D:2      | Reached skill level 1 in Armour
  1034 | D:2      | Slain by a worm

Skill      XL: |  1  2  3 |
---------------+----------+-----
Short Blades   | 1 |  1.5
Dodging        | 2 |  2.4
Armour         | 1 |  1.1
Fighting       | |  0.8
Stealth        | |  3.2
Spellcasting   | |  1.7
Hexes          | |  2.4

Action                   || total
-------------------------++-------
Melee: Dagger            ||   124
  Use: Potion            ||     3
 Stab: Sleeping          ||     2
  Eat: Chunk             ||     2
Armor: Scale mail        ||    47
Dodge: Dodged            ||    53
